 Dungeon Crawl Stone Soup version 0.30.0-29-ga12c61a403 (webtiles) character file.

Game seed: 668280791926837231

512 safid the Chiller (level 7, -9/54 HPs)
             Began as a Merfolk Ice Elementalist on June 16, 2023.
             Mangled by Menkaure (16 damage)
             ... on level 5 of the Dungeon.
             The game lasted 00:07:43 (4030 turns).

safid the Chiller (Merfolk Ice Elementalist)        Turns: 4030, Time: 00:07:43

Health: -9/54      AC:  8    Str:  8    XL:     7   Next: 19%
Magic:  7/13       EV: 13    Int: 17    God:
Gold:   194        SH:  0    Dex: 14    Spells: 7/14 levels left

rFire   . . .        j - +0 rapier
rCold   . . .        (no shield)
rNeg    . . .        a - +0 robe
rPois   .            (no helmet)
rElec   .            (no cloak)
rCorr   .            (no gloves)
SInv    .            (no boots)
Will    .....        f - amulet of regeneration
Stlth   ++           (no ring)
HPRegen 1.09/turn    (no ring)
MPRegen 0.13/turn

%: no passive effects
@: brilliant, ice-armoured, freezing walls
A: (nimble swimmer 2), mertail
a: no special abilities


You were on level 5 of the Dungeon.
You visited 1 branch of the dungeon, and saw 5 of its levels.

You collected 194 gold pieces.

Inventory:

Hand Weapons
 j - a +0 rapier (weapon)
Armour
 a - a +0 robe (worn)
Jewellery
 f - an amulet of regeneration (around neck)
Wands
 m - a wand of roots (15)
Scrolls
 c - 4 scrolls of teleportation {unknown}
 e - a scroll of fog {unknown}
 h - a scroll of immolation {unknown}
 i - 2 scrolls of vulnerability {unknown}
 k - 3 scrolls of identify {unknown}
 o - a scroll of enchant armour {unknown}
 p - a scroll of magic mapping {unknown}
 r - a scroll of poison {unknown}
Potions
 b - a potion of magic
 d - a potion of cancellation {unknown}
 g - 2 potions of lignification {unknown}
 l - a potion of haste {unknown}
 n - a potion of brilliance
 q - a potion of curing {unknown}


   Skills:
 + Level 4.1 Fighting
 - Level 4.0 Dodging
 - Level 2.1 Stealth
 + Level 4.1 Spellcasting
 + Level 6.2 Ice Magic


You had 7 spell levels left.
You knew the following spells:

 Your Spells              Type           Power      Damage    Failure   Level
a - Freeze                Ice            100%       1d10      1%          1
b - Frozen Ramparts       Ice            74%        1d12      3%          3
c - Ozocubu's Armour      Ice            37%        N/A       3%          3

Your spell library contained the following spells:

 Spells                   Type           Power      Damage    Failure   Level
 Summon Ice Beast         Ice/Summ       21%        N/A       38%         4


Dungeon Overview and Level Annotations

Branches:
Dungeon (5/15)
 Temple: D:4-7

Altars:
Ru

Shops:
D:4 *

Annotations:
D:3 1 runed translucent door, Grinder; cheesebisquit's ghost, weakling TrFi
D:5 Menkaure


Innate Abilities, Weirdness & Mutations

((You are very nimble when in or above water. (Stealth+, EV+, Speed+++)))
Your lower body shifts to a powerful aquatic tail in water.


Message History

You climb downwards.
Menkaure shouts!
You hear a shout! x3
Found a fuming silvery potion and a buckler.
Found a stone staircase leading up and a stone staircase leading down.
There is a stone staircase leading up here.
Menkaure is nearby!
You start waiting.
Menkaure is nearby!
Menkaure breathes soot at you.
You open the door.
An iguana comes into view.
You close the door.
Menkaure calls on the powers of darkness!
Your body is wracked with pain!
You hear a shout!
Menkaure mumbles some strange words.
Menkaure seems to speed up.
You hear a shout!
You hear a shout!
Casting: Freeze (safe; 1% risk of failure)
Confirm with . or Enter, or press ? or * to list all spells.
Casting: Frozen Ramparts (dangerous; 3% risk of failure)
Press: ? - help, Dir - look around, f - activate The walls around you are covered in ice.
The wall freezes Menkaure but does no damage.
Menkaure calls on the powers of darkness!
Your body is wracked with pain!
You hear a shout!
Casting: Frozen Ramparts (dangerous; 3% risk of failure)
Confirm with . or Enter, or press ? or * to list all spells.
A film of ice covers your body!
You hear a shout!
Menkaure resists.
The wall freezes Menkaure.
Menkaure resists.
The wall freezes Menkaure.
Menkaure hits you!
* * * LOW HITPOINT WARNING * * *
Unknown command.
It was a potion of brilliance.
You feel clever all of a sudden.
Menkaure resists.
The wall freezes Menkaure.
Menkaure hits you!
You die...

###+## #...>.
#....# #....####
#.l⌠.# #.......##
#.⌠.. ##.....[..##
... #..........#
#+# #.....M....#
#.#####..<........
#..@M.....<..!....
#######...........
##..........
#...........
#...........
#...........
#...........
#..........#


You could see Menkaure (fast).

Vanquished Creatures
  2 black bears
  A scorpion (D:3)
  A jelly (D:4)
  Jessica (D:3)
  An iguana (D:4)
  An orc wizard (D:4)
  8 adders
  A worm (D:2)
  2 dart slugs (D:4)
  6 orcs
  8 ball pythons
  8 endoplasms
  13 giant cockroaches
  5 goblins
  6 hobgoblins
  2 jackals (D:3)
  3 quokkas (D:2)
  6 bats
  6 frilled lizards
  12 kobolds
  2 rats (D:3)
95 creatures vanquished.

Notes
Turn   | Place    | Note
-------+----------+-------------------------------------------
     0 | D:1      | safid the Merfolk Ice Elementalist began the quest for the
                  | Orb.
     0 | D:1      | Reached XP level 1. HP: 13/13 MP: 3/3
   240 | D:1      | Reached XP level 2. HP: 15/20 MP: 0/5
   338 | D:1      | Reached skill level 1 in Fighting
  1071 | D:2      | Reached XP level 3. HP: 23/26 MP: 2/6
  1379 | D:2      | Learned a level 3 spell: Frozen Ramparts
  1383 | D:2      | Learned a level 3 spell: Ozocubu's Armour
  1420 | D:2      | Reached skill level 5 in Ice Magic
  1457 | D:2      | Reached XP level 4. HP: 32/33 MP: 6/8
  1966 | D:3      | Noticed a black bear
  1966 | D:3      | Found a faded altar of an unknown god.
  1973 | D:2      | Killed a black bear
  1974 | D:2      | Reached XP level 5. HP: 26/39 MP: 2/9
  2165 | D:3      | Noticed Jessica
  2188 | D:3      | Killed Jessica
  2474 | D:3      | Noticed cheesebisquit's ghost (weakling TrFi)
  2478 | D:3      | Found a runed translucent door.
  2494 | D:3      | Noticed Grinder
  2525 | D:3      | Reached XP level 6. HP: 44/47 MP: 6/10
  3327 | D:4      | Found Puotif's General Store.
  3574 | D:4      | Found a sacrificial altar of Ru.
  3590 | D:4      | Noticed a black bear
  3599 | D:4      | Killed a black bear
  3600 | D:4      | Reached skill level 6 in Ice Magic
  3600 | D:4      | Reached XP level 7. HP: 53/53 MP: 6/13
  4010 | D:5      | Entered Level 5 of the Dungeon
  4010 | D:5      | Noticed Menkaure
  4030 | D:5      | Mangled by Menkaure

Illustrated notes

Levels and vault maps discovered:
D:1:      eino_arrival_cavern_a, layout_loops_corners, serial_rivers,
          chequers_serial_rivers_micro_b, chequers_serial_rivers_small_a,
          chequers_serial_rivers_small_b, chequers_serial_rivers_room_a,
          chequers_serial_rivers_small_3, serial_bayou_pond_a,
          minmay_pentomino_s4
D:2:      layout_loops_ring
D:3:      minmay_roachtagon, layout_basic, hellmonk_ghost_happy_afterlife,
          ebering_ecumenical_altar_rust, chequers_decorated_corner,
          uniq_grinder, uniq_jessica
D:4:      layout_basic, hangedman_ru_absence, serial_shops, shop
D:5:      layout_rooms, kennysheep_generic_room_14, uniq_sigmund, uniq_menkaure,
          uniq_edmund

Skill      XL: |  1  2  3  4  5  6  7 |
---------------+----------------------+-----
Fighting       | 1 2 3 4 |  4.1
Ice Magic      | 5 6 |  6.2
Dodging        | 3 4 |  4.0
Spellcasting   | 3 4 |  4.1
Stealth        | |  2.1

Action                     |  1- 3 |  4- 6 |  7- 9 || total
---------------------------+-------+-------+-------++-------
  Melee: Unarmed           |     3 |       |       ||     3
         Mace              |    56 |       |       ||    56
         Rapier            |    18 |    81 |     4 ||   103
         Punch             |     1 |       |       ||     1
   Cast: Freeze            |    32 |    28 |     3 ||    63
         Frozen Ramparts   |       |     9 |     2 ||    11
         Ozocubu's Armour  |       |     6 |     2 ||     8
    Use: Potion            |       |       |     1 ||     1
   Stab: Sleeping          |     5 |     4 |     1 ||    10
 Armour: Robe              |    18 |    24 |     1 ||    43
  Dodge: Dodged            |    73 |    92 |     1 ||   166
